 Dungeon Crawl Stone Soup version 0.31-a0-167-g1c394c0614 (webtiles) character file.

Game seed: 14332309999997621598

67 qw the Shooter (level 4, 0/28 HPs)
             Began as a Gargoyle Hunter on June 14, 2023.
             Slain by Grinder (2 damage)
             ... on level 3 of the Dungeon.
             The game lasted 00:00:39 (1624 turns).

qw the Shooter (Gargoyle Hunter)                    Turns: 1624, Time: 00:00:39

Health: 0/28       AC:  8    Str: 15    XL:     4   Next: 18%
Magic:  0/4        EV: 11    Int:  9    God:
Gold:   108        SH:  0    Dex: 15    Spells: 3/3 levels left

rFire   . . .        i - +0 shortbow (heavy)
rCold   . . .        (shield currently unavailable)
rNeg    + . .        k - +0 ring mail
rPois   inf          (no helmet)
rElec   +            (no cloak)
rCorr   .            (no gloves)
SInv    .            (no boots)
Will    .....        a - amulet of guardian spirit
Stlth   +            (no ring)
HPRegen 0.24/turn    (no ring)
MPRegen 0.09/turn

%: guardian spirit
@: no status effects
A: sickness immunity, AC +3, negative energy resistance 1, electricity
resistance, torment resistance 1, petrification resistance
a: no special abilities


You were on level 3 of the Dungeon.
You visited 1 branch of the dungeon, and saw 3 of its levels.

You collected 108 gold pieces.


Innate Abilities, Weirdness & Mutations

You are immune to sickness and miasma.
Your stone body is resilient. (AC +3)
You are immune to poison.
You resist negative energy. (rN+)
You are resistant to electric shocks. (rElec)
You are resistant to unholy torment.
You are immune to petrification.


   Skills:
 - Level 3.0 Fighting
 + Level 5.1 Ranged Weapons
 - Level 1.0 Armour
 - Level 1.5 Dodging
 - Level 1.1 Stealth


You had 3 spell levels left.
You didn't know any spells.
Your spell library was empty.

Inventory:

Hand Weapons
 i - a +0 heavy shortbow (weapon)
Armour
 k - a +0 ring mail (worn)
Jewellery
 a - an amulet of guardian spirit (around neck)
Scrolls
 c - a scroll of revelation {unknown}
 f - a scroll of poison {unknown}
Potions
 b - 2 potions of attraction {unknown}
 d - a potion of haste {unknown}
 e - a potion of might
 g - a potion of degeneration {unknown}
 h - a potion of curing {unknown}
 j - a potion of ambrosia {unknown}

Dungeon Overview and Level Annotations

Branches:
Dungeon (3/15)

Altars:

Annotations:
D:3 Grinder


Message History

Grinder comes into view.
She is carrying a wand of flame (23).
You shoot an arrow. The arrow barely misses the hobgoblin.
The hobgoblin barely misses you.
You shoot an arrow. The arrow hits the hobgoblin!
You kill the hobgoblin!
Grinder says, "Don't move a muscle."
A rat comes into view.
The kobold hits you but does no damage.
You shoot an arrow. The arrow misses the kobold.
The kobold hits you but does no damage.
The giant cockroach waves its antennae.
An orc comes into view. It is wielding a +0 hand axe.
The kobold closely misses you.
You shoot an arrow. The arrow barely misses the kobold.
The orc shouts!
The kobold barely misses you. The kobold hits you but does no damage.
You shoot an arrow. The arrow hits the kobold.
You kill the kobold!
The giant cockroach closely misses you.
Grinder drinks a potion.
Grinder seems to grow stronger.
You shoot an arrow. The arrow hits the giant cockroach!
You kill the giant cockroach!
You shoot an arrow. The arrow barely misses Grinder.
Grinder barely misses you.
Grinder zaps a wand.
The puff of flame hits you!
You shoot an arrow.
The arrow hits Grinder but does no damage.
The rat bites you. Grinder gestures at you. You resist with significant effort.
The orc complains repeatedly, as Orcs often do.
The rat closely misses you. Grinder hits you.
You writhe in agony.
You shoot an arrow. The arrow hits Grinder!
Grinder is moderately wounded.
The rat closely misses you.
Grinder zaps a wand.
The puff of flame hits you! The rat bites you but does no damage.
Grinder zaps a wand.
The puff of flame hits you but does no damage.
You shoot an arrow. The arrow hits Grinder!
Grinder is severely wounded.
The rat bites you but does no damage. Grinder hits you.
You die...

....#...%........
###.#####.###.#.#
#<........
###.#####.#############
.##...................#
..#######.#####.#####..
..# #..# ###.##### ..#
#.## #...#r..# #.#
###.# #.#.@5# ..##
#...# #..###o.#
#..###.#######. .!..
....#.......... ...+
#:#...:.......# ##.
..##...........
..##...######+#
..'.>### ..####


You could see Grinder (strong), an orc and a rat.

Vanquished Creatures
  An adder (D:2)
  A worm (D:2)
  3 dart slugs
  3 endoplasms
  5 giant cockroaches
  3 goblins
  2 hobgoblins (D:3)
  2 jackals (D:3)
  5 kobolds
  2 quokkas
  6 ball pythons
  7 bats
  2 frilled lizards
  5 rats
47 creatures vanquished.

Notes
Turn   | Place    | Note
-------+----------+-------------------------------------------
     0 | D:1      | qw the Gargoyle Hunter began the quest for the Orb.
     0 | D:1      | Reached XP level 1. HP: 12/12 MP: 1/1
     0 | D:1      | 0 ||| qw: Version: 0.2-a-29-g1fa15c8
     0 | D:1      | 0 ||| qw: Game counter: 4902
     0 | D:1      | 0 ||| qw: Always use a shield: true
     0 | D:1      | 0 ||| qw: God list: Okawaru
     0 | D:1      | 0 ||| qw: Allow faded altars: false
     0 | D:1      | 0 ||| qw: Do Orc after D:15 true
     0 | D:1      | 0 ||| qw: Do second Lair branch before Depths: true
     0 | D:1      | 0 ||| qw: Lair rune preference: random
     0 | D:1      | 0 ||| qw: Plans: Normal, Zot:1-4, Slime:5, God:TSO, Crypt,
                  | Tomb, Abyss, Pan, Hells, Win
     0 | D:1      | 0 ||| PLANNING D:1-11
    99 | D:1      | Reached XP level 2. HP: 17/17 MP: 2/2
   552 | D:1      | 552 ||| READING scroll labelled DAIHYMU ANIN.
   553 | D:1      | 553 ||| DROPPING scroll of butterflies.
   628 | D:2      | Reached XP level 3. HP: 21/21 MP: 3/3
   736 | D:2      | Reached skill level 5 in Ranged Weapons
   794 | D:2      | Identified the +2 rapier of Massacring {heavy, *Rage rPois
                  | Int+8}
  1306 | D:2      | Reached skill level 3 in Fighting
  1386 | D:2      | 1386 ||| UPGRADING to +0 ring mail.
  1396 | D:2      | 1396 ||| DROPPING +0 leather armour.
  1397 | D:2      | 1397 ||| UPGRADING to amulet of guardian spirit.
  1402 | D:2      | 1402 ||| READING scroll labelled XEGYBY VAISUY.
  1403 | D:2      | 1403 ||| READING scroll labelled BEPECIAKAAGHI.
  1504 | D:3      | Reached XP level 4. HP: 28/28 MP: 4/4
  1514 | D:3      | Reached skill level 1 in Armour
  1614 | D:3      | Noticed Grinder
  1623 | D:3      | HP: 1/28 [Grinder/puff of flame (11)]
  1624 | D:3      | Slain by Grinder

Levels and vault maps discovered:
D:1:      enne_arrival_octagon_isle, layout_basic
D:2:      layout_basic, feat_on_display
D:3:      layout_basic, serial_glass, glass_columns_c, glass_columns_a,
          glass_columns_b, glass_columns_b, chequers_ecumenical_altar_simple,
          minmay_fractal_squares_diagonal_5, uniq_grinder, uniq_terence

Skill      XL: |  1  2  3  4 |
---------------+-------------+-----
Ranged Weapons | 5 |  5.1
Fighting       | 3 |  3.0
Armour         | 1 |  1.0
Dodging        | |  1.5
Stealth        | |  1.1

Action                     |  1- 3 |  4- 6 || total
---------------------------+-------+-------++-------
   Fire: Shortbow          |   131 |    32 ||   163
    Use: Scroll            |     3 |       ||     3
 Armour: Leather armour    |    28 |       ||    28
         Ring mail         |       |    14 ||    14
  Dodge: Dodged            |    36 |    21 ||    57

Table legend:
 A = Non-vault XP
 B = Vault XP
 C = Vault XP percentage of total XP
 D = Non-vault monster count
 E = Vault monster count
 F = Vault count percentage of total count
                 A         B        C        D         E       F
            +---------+---------+-------+---------+---------+-------
      Total |      93 |       4 |   4.1 |      44 |       3 |   6.4
            +---------+---------+-------+---------+---------+-------
        D:1 |      32 |       0 |   0.0 |      21 |       0 |   0.0
        D:2 |      40 |       0 |   0.0 |      14 |       0 |   0.0
        D:3 |      21 |       4 |  16.0 |       9 |       3 |  25.0
            +---------+---------+-------+---------+---------+-------
